 Dungeon Crawl Stone Soup version 0.26.1-11-gd32895ea62 (webtiles) character file.

Game seed: 838901438699056542

293 bigdumb the Shield-Bearer (level 5, 0/42 (45) HPs)
             Began as a Demigod Fighter on June 29, 2021.
             Slain by a wight
             ... wielding a cursed +6 spear of freezing
              (3 damage)
             ... on level 4 of the Dungeon on June 30, 2021.
             The game lasted 00:07:16 (3540 turns).

bigdumb the Shield-Bearer (Demigod Fighter)         Turns: 3540, Time: 00:07:17

HP:   0/42 (45)     AC:  6    Str: 21    XL:     5   Next: 84%
MP:   7/7           EV:  5    Int: 12    God:
Gold: 190           SH: 14    Dex: 15    Spells: 4/4 levels left

rFire    + . .     SeeInvis .   a - +0 trident
rCold    x . .     Faith    .   q - +0 tower shield
rNeg     . . .     Spirit   .   b - +0 scale mail
rPois    .         Reflect  .   f - +0 hat
rElec    .         Harm     .   (no cloak)
rCorr    .         Rampage  .   (no gloves)
Will     .....                  (no boots)
Stlth    ..........             (no amulet)
HPRegen  0.14/turn              g - ring of fire
MPRegen  0.10/turn              (no ring)

@: mighty, drained
A: high mp 1
a: no special abilities


You were on level 4 of the Dungeon.
You visited 1 branch of the dungeon, and saw 4 of its levels.

You collected 190 gold pieces.

Inventory:

Hand Weapons
 a - a +0 trident (weapon)
Armour
 b - a +0 scale mail (worn)
 c - a +0 kite shield
 f - a +0 hat (worn)
 q - a +0 tower shield (worn)
 s - a +0 helmet
Jewellery
 g - a ring of fire (left hand)
 p - an uncursed ring of see invisible {unknown}
Scrolls
 h - 2 scrolls of teleportation {unknown}
 j - a scroll of noise {unknown}
 k - a scroll of fear {unknown}
 l - a scroll of amnesia {unknown}
 m - a scroll of identify {unknown}
 n - a scroll of enchant armour {unknown}
 o - a scroll of magic mapping {unknown}
 r - 2 scrolls of remove curse {unknown}
Potions
 e - a potion of curing
 i - a potion of attraction {unknown}


   Skills:
 + Level 3.5 Fighting
 + Level 3.8 Polearms
 + Level 3.5 Armour
 + Level 0.5 Dodging
 + Level 3.9 Shields


You had 4 spell levels left.
You didn't know any spells.
Your spell library contained the following spells:

 Spells                   Type           Power        Failure   Level
 Animate Skeleton         Necr           0%           100%        1
 Apportation              Tloc           0%           100%        1
 Corona                   Hex            0%           100%        1
 Summon Small Mammal      Summ           0%           100%        1
 Ensorcelled Hibernation  Hex/Ice        0%           100%        2
 Confusing Touch          Hex            0%           100%        3
 Dazzling Flash           Conj/Hex       0%           100%        3
 Tukima's Dance           Hex            0%           100%        3


Dungeon Overview and Level Annotations

Branches:
Dungeon (4/15)             Temple (0/1) D:4


Innate Abilities, Weirdness & Mutations

You have an increased reservoir of magic. (+10% MP)


Message History

Your shield prevents you from hitting the wight.
The wight is heavily damaged.
You block the wight's attack.
The wight hits you from afar with a cursed +6 spear of freezing.
The wight freezes you.
You puncture the wight!
The wight is almost destroyed.
You block the wight's attack. The wight barely misses you.
Your shield and scale mail prevent you from hitting the wight.
The wight is almost destroyed.
The wight hits you with a cursed +3 great sword of freezing!
* * * LOW HITPOINT WARNING * * *
The wight freezes you.
* * * LOW HITPOINT WARNING * * *
You block the wight's attack.
You feel very mighty all of a sudden.
The wight hits you from afar with a cursed +6 spear of freezing!
* * * LOW HITPOINT WARNING * * *
The wight freezes you.
You die...

#####.#...###.#
##....#
...###.....####..####
#.# ##.....#..(..##
#. #...##......#### .
#.#.####.##..†.# .
##.#.# ##.#####.##
##..#.###..# #..###
#..##.....## ##...#
#<###@##### ###.# #.#
#z# #.## ..# #z# #.<#
.#####†# ##.# ..
###..# #.. .> #....#
### ......z##.# #
##..##.. .... . ##.
....#


You could see 2 wights.

Vanquished Creatures
  A scorpion (D:4)
  An orc priest (D:3)
  2 orc wizards (D:3)
  2 worker ants
  4 adders
  2 oozes
  3 dart slugs
  4 orcs (D:3)
  A ball python (D:1)
  A giant cockroach (D:2)
  7 goblins
  6 hobgoblins
  11 jackals
  3 kobolds
  A quokka (D:3)
  4 bats
  4 frilled lizards
  8 rats
65 creatures vanquished.

Vanquished Creatures (others)
  4 plants (D:3)
4 creatures vanquished.

Grand Total: 69 creatures vanquished

Notes
Turn   | Place    | Note
-------+----------+-------------------------------------------
     0 | D:1      | bigdumb the Demigod Fighter began the quest for the Orb.
     0 | D:1      | Reached XP level 1. HP: 18/18 MP: 3/3
   151 | D:1      | Found a snail-covered altar of Cheibriados.
   193 | D:1      | Reached XP level 2. HP: 23/25 MP: 4/4
   922 | D:2      | Found a sacrificial altar of Ru.
  1016 | D:2      | Found a burning altar of Makhleb.
  1307 | D:3      | Reached XP level 3. HP: 31/31 MP: 5/5
  1456 | D:3      | Found an ancient bone altar of Kikubaaqudgha.
  1613 | D:3      | Reached XP level 4. HP: 38/38 MP: 6/6
  2105 | D:3      | Reached XP level 5. HP: 43/45 MP: 7/7
  3089 | D:3      | Found a blossoming altar of Fedhas.
  3464 | D:4      | Found a staircase to the Ecumenical Temple.
  3540 | D:4      | Slain by a wight

Illustrated notes

Levels and vault maps discovered:
D:1:      dpeg_chamrin_arrival_tetris, layout_rooms, cheibriados_altar_1
D:2:      layout_rooms, nicolae_overflow_crystal_walls, hangedman_ru_absence
D:3:      layout_loops_ring, lemuel_coloured_pillars_altar,
          kiku_gazebo_garden_becter, serial_forest,
          infiniplex_forest_clump_medium, infiniplex_forest_clump_medium,
          infiniplex_forest_lined_corner, infiniplex_forest_straight_3,
          infiniplex_forest_lined_3_way, infiniplex_forest_clump_large,
          infiniplex_forest_pool, infiniplex_forest_zigzag_1,
          infiniplex_forest_clump_long, infiniplex_forest_lined_room_2
D:4:      layout_rooms, minmay_temple_entry_crystal_x

Skill      XL: |  1  2  3  4 |
---------------+-------------+-----
Polearms       | 2 3 |  3.8
Fighting       | 3 |  3.5
Shields        | 3 |  3.9
Armour         | 3 |  3.5
Dodging        | |  0.5

Action                   |  1- 3 |  4- 6 || total
-------------------------+-------+-------++-------
Melee: Trident           |    80 |   163 ||   243
  Use: Potion            |       |     6 ||     6
Armor: Scale mail        |    15 |    45 ||    60
Dodge: Dodged            |    10 |    33 ||    43
Block: Kite shield       |    23 |     3 ||    26
       Tower shield      |       |   108 ||   108
